[Event "Italian-ch Teams-B 2022"]
[Site "Montesilvano"]
[Date "2022.04.22"]
[Round "5.2"]
[White "Formento, Paolo"]
[Black "Favaloro, Andrea"]
[Result "1-0"]
[ECO "E32"]
[WhiteElo "2336"]
[BlackElo "2370"]
[Annotator "TA"]
[PlyCount "95"]
[EventDate "2022.04.19"]
[EventType "team-tourn"]
[EventCountry "ITA"]
[SourceTitle "playchess.com"]
[Source "ChessBase"]
[SourceQuality "1"]
[TimeControl "40/5400+30:1800+30"]

1. d4 Nf6 2. c4 e6 3. Nc3 Bb4 4. Qc2 b6 5. e4 c5 6. d5 {[%emt 0:03:44] E32: Nimzo-Indian: Classical (4 Qc2): 4...0-0.} Qe7 7. Nge2 exd5 8. exd5 {[%emt 0:02:00] The position is equal.} O-O 9. Bd2 d6 10. O-O-O Ng4 11. Be1 a6 {[%emt 0:03:50] [#]} 12. h3 $146 ({Predecessor:} 12. Ng3 b5 13. Bd3 h6 14. Kb1 Ne5 15. Nce2 bxc4 16. Bxc4 a5 17. a4 Nxc4 18. Qxc4 {0-1 (29) Bayona Ordonez,A-Benitez Lozano,J (2309) Chihuahua City 2022}) 12... Ne5 13. Ng3 b5 14. Bd2 (14. a3 $11 Ba5 15. cxb5 (15. Nce4 Bxe1 16. Rxe1 f5 $11)) 14... f5 $1 $15 15. Nh5 (15. cxb5 f4 16. Nge4 Bf5 $11) 15... Qh4 (15... Nxc4 16. Bxc4 bxc4 17. Rhe1 $11) ({Black should play} 15... Nbd7 $17) 16. Be2 bxc4 (16... Bxc3 $15 17. Qxc3 Qxf2) 17. g3 Nd3+ (17... Qd4 18. Be1 Bxc3 19. Rxd4 Bxd4 20. Nf4 $16) (17... Qe7 $15) 18. Bxd3 $14 cxd3 19. gxh4 dxc2 20. Rde1 (20. Kxc2 f4 $11) (20. Rdg1 $1 $14 Rf7 21. Rg3 (21. Kxc2 f4 $11)) 20... Ra7 (20... Nd7 $1 $11 {keeps the balance.}) 21. Rhg1 $16 {[%emt 0:02:33][%mdl 1024] Strongly threatening Bh6. White has strong compensation.} (21. Kxc2 $6 f4 $11) 21... Kh8 (21... Bxc3 $2 22. Bxc3 g6 23. Nf6+ (23. Kxc2 Nd7 $18) 23... Rxf6 24. Bxf6 $18) (21... g6 $16) 22. a3 (22. Kxc2 $6 Raf7 $16) 22... Ba5 (22... Bxc3 $2 23. Bxc3 h6 24. Bxg7+ Rxg7 25. Rxg7 $18) 23. Bf4 (23. Kxc2 Raf7 $16) 23... Rd7 (23... Bxc3 $2 24. bxc3 Rd7 25. Kxc2 $18) 24. Re6 (24. Kxc2 Bc7 $16) (24. Rg3 $18) 24... Bc7 (24... Bxc3 $2 25. bxc3 Rb7 26. Ree1 $18) 25. Rge1 {[%emt 0:00:49] Threatens to win with Re8.} Kg8 (25... g6 26. Bh6 $1 Rdd8 27. Bxf8 gxh5 28. Be7 Bxe6 29. Bf6+ Kg8 30. dxe6 $18) 26. Kxc2 Rdf7 27. Rxd6 {[%emt 0:04:54] 0x0.0023821a128edp-1022s more active pieces.} (27. Bxd6 $16 Bxd6 28. Rxd6) 27... Bxd6 (27... g6 $11 {remains equal.}) 28. Bxd6 {[%emt 0:00:01] Black is on the road to losing.} f4 29. Bxf8 ({Inferior is} 29. Bxc5 g6 30. Bxf8 Rxf8 $17) 29... Kxf8 30. Ne4 {[%emt 0:01:01] And now Nd6 would win.} Bxh3 {[%emt 0:06:03] [#]} 31. Ng5 $1 ({Stronger than} 31. Nxc5 g6 32. Kc3 (32. Ne6+ Bxe6 33. Rxe6 gxh5 $17) 32... gxh5 $17) 31... Bf5+ 32. Kc3 Re7 33. Rxe7 Kxe7 34. Nxg7 $18 {[%emt 0:00:05][%mdl 4096] Endgame KBN-KNN} Bb1 35. N7e6 Kd6 (35... h6 $142) 36. Nxf4 {[%emt 0:00:55] Pair of Knights!} Ke5 $2 (36... Nd7 {might work better.} 37. b3 Nf6 38. Nf7+ Ke7) 37. Nd3+ Kxd5 38. Nxh7 c4 39. Nb4+ Ke5 40. Ng5 Kf4 41. f3 {[%emt 0:21:14] White is clearly winning.} Kg3 42. Kxc4 Kxh4 43. Ne4 Nd7 (43... a5 $142 44. Nd5 Nd7) 44. Kd4 a5 45. Nc6 a4 46. Ne5 Nf8 47. Nc5 Bc2 48. Kc3 {[%emt 0:00:32] Weighted Error Value: White=0.20 (precise) /Black=0.31} 1-0

[Event "Italian-ch Teams-B 2022"]
[Site "Montesilvano"]
[Date "2022.04.22"]
[Round "5.2"]
[White "Botta, Massimiliano"]
[Black "Bellia, Fabrizio"]
[Result "0-1"]
[ECO "C79"]
[WhiteElo "2217"]
[BlackElo "2428"]
[Annotator "TA"]
[PlyCount "58"]
[EventDate "2022.04.19"]
[EventType "team-tourn"]
[EventCountry "ITA"]
[SourceTitle "playchess.com"]
[Source "ChessBase"]
[SourceQuality "1"]
[TimeControl "40/5400+30:1800+30"]

1. e4 e5 2. Nf3 Nc6 3. Bb5 a6 4. Ba4 d6 5. Bxc6+ bxc6 6. d4 exd4 7. Nxd4 c5 8. Nf3 Bb7 9. Nc3 Nf6 10. O-O Be7 11. Re1 O-O 12. b3 {[%emt 0:14:15] [#] C79: Ruy Lopez: Steinitz-type lines with 3...a6 4 Ba4 Nf6 5 0-0 d6.} Re8 $146 ({Predecessor:} 12... Ng4 13. Nd5 Bh4 14. Re2 f5 15. Nxh4 Qxh4 16. Bf4 Rae8 17. Nxc7 Rxe4 18. Bg3 Qf6 19. Rxe4 fxe4 {½-½ (52) Sanchez Almeyra,J (2425)-Bevia Martinez,L (2255) Mislata 1992}) 13. Bb2 Bf8 14. Qd3 {[%emt 0:02:28] The position is equal.} g6 15. Nd5 Bg7 16. c4 (16. Bxf6 $11 Bxf6 17. Rad1) 16... Nxd5 $15 17. Bxg7 Nf6 18. Bh6 Nxe4 ({But not} 18... Bxe4 19. Qc3 Bxf3 20. Qxf3 $11) 19. Re2 Qf6 20. Rae1 Re6 $1 {[%emt 0:00:06] [#] aiming for ...g5.} 21. Bc1 Rae8 22. Bb2 {[%emt 0:00:12] Against Qc3} Qf4 (22... Nxf2 $2 23. Kxf2 Qf4 24. h3 $18) 23. h3 h5 24. Bc1 Qf5 {[%emt 0:02:21][%cal Oe4g5] &Nero is more active.} 25. Re3 Ng3 26. Qd2 Ne4 (26... Rxe3 $15 27. Rxe3 Rxe3 28. Qxe3 Ne4) 27. Qd3 $1 $17 Qf6 28. R3e2 Qc3 ({Black should play} 28... g5 $17 29. Bb2 Qf5) 29. Qb1 {[%emt 0:00:43] [#] And now Bb2 would win.} Ng5 {[%emt 0:02:20][%mdl 32768] Weighted Error Value: White=0.09 (flawless) /Black=0.10 (very precise) . Loss on time!?} 0-1

[Event "Italian-ch Teams-B 2022"]
[Site "Montesilvano"]
[Date "2022.04.22"]
[Round "5.3"]
[White "Zawadzka, Jolanta"]
[Black "Andreoni, Giuseppe"]
[Result "1/2-1/2"]
[ECO "C60"]
[WhiteElo "2412"]
[BlackElo "2158"]
[Annotator "TA"]
[PlyCount "102"]
[EventDate "2022.04.19"]
[EventType "team-tourn"]
[EventCountry "ITA"]
[SourceTitle "playchess.com"]
[Source "ChessBase"]
[SourceQuality "1"]
[TimeControl "40/5400+30:1800+30"]

1. e4 e5 2. Nf3 Nc6 3. Bb5 g6 4. O-O Bg7 5. c3 a6 6. Ba4 Nge7 7. d4 exd4 8. cxd4 b5 {[%emt 0:00:11] C60: Ruy Lopez: Unusual Black 3rd moves and 3...g6.} 9. Bc2 d5 10. exd5 Nb4 {[%emt 0:00:11] White is slightly better.} 11. Re1 Nxc2 12. Qxc2 O-O 13. Bg5 f6 14. Bh4 Bb7 15. Nc3 {[%emt 0:05:25] [#]} Nxd5 $146 ({Predecessor:} 15... Rf7 16. Rac1 Rc8 17. Bg3 Bxd5 18. Nxd5 Qxd5 19. a3 Nf5 20. Qc6 Qxc6 21. Rxc6 Rd7 {1-0 (77) Kovalev,V (2648)-Delchev,A (2543) Chess.com INT 2020}) 16. Ne4 Nb6 17. Rad1 Bd5 18. h3 Kh8 19. Nfd2 g5 (19... Bxa2 20. b3 $16) 20. Bg3 f5 {[%emt 0:00:04][%cal Bf6f5,Bf5f4][%mdl 32] [#]} 21. Nc5 (21. Bxc7 $1 $14 Rc8 22. Bxd8 Rxc2 23. Bxb6 fxe4 24. Nxe4) 21... f4 $11 ({Resist} 21... Bxa2 22. b3 f4 23. Bxf4 $1 gxf4 24. Ne6 (24. Qxa2 Qf6 $16) 24... Bxb3 25. Nxb3 $18) (21... Bxd4 22. Ndb3 Bxc5 23. Be5+ (23. Nxc5 f4 $14) 23... Kg8 24. Nxc5 $18 (24. Qxc5 c6 $16)) 22. Bh2 Qf6 23. Nce4 (23. b3 $11) 23... Qg6 $17 24. Qc5 Rad8 $36 {[%emt 0:01:17][%mdl 2048] ...Na4 is the strong threat. Black is in control.} 25. Nc3 (25. b3 $142) 25... Ba8 {[%emt 0:03:04] This bishop pair is nice.} (25... g4 $142 26. hxg4 Qxg4 27. Nxd5 Nxd5) 26. Nde4 h6 27. d5 b4 28. Qxb4 Nxd5 29. Nxd5 Bxd5 30. Nc3 {[%emt 0:01:37] [#]} Ba8 ({Black should play} 30... Rb8 $1 $17 31. Qe7 (31. Qc5 Ba8) 31... Bf7) 31. Qe7 (31. Rxd8 $11 Rxd8 32. Qe7) 31... Rb8 32. Re6 (32. f3 $17) 32... Qf7 $2 (32... Qf5 $1 $19 33. Ree1 (33. Rd7 $2 Bxc3 34. Rxh6+ Kg8 $19) 33... Rxb2) 33. Qxf7 $1 $15 Rxf7 34. Rxa6 (34. Na4 $15) 34... Kh7 (34... Rff8 $17 35. Na4 Rfd8 36. Rxd8+ Rxd8) 35. Na4 Re7 {[%emt 0:00:08][%mdl 1024] Black has compensation.} 36. f3 Bb7 37. Ra5 Bc6 {[%emt 0:00:07] Strongly threatening ...Re2.} (37... Rbe8 {is more complex.} 38. Kf1 Re2 39. Bg1 Rc2) 38. b3 $2 (38. Kh1 $1 $15) 38... Re2 $2 (38... Rbe8 $1 $19 {aiming for ...Re1+.} 39. Kf1 Re2) 39. Nc5 $2 {[%emt 0:01:12] [#]} ({Better is} 39. Kh1 $15) 39... Rbe8 $1 $19 40. Ne4 {[%emt 0:02:35] [#]} Bxe4 $2 (40... Rc2 $1 $19 {and Black stays clearly on top.} 41. Ra7 Bxe4 42. fxe4 Rxe4) 41. fxe4 $17 R8xe4 42. Kf1 Rc2 43. Bg1 Bf8 {[%emt 0:00:00] Prevents Rc5. Hoping for ...Bd6.} 44. Ra6 (44. a4 $17) 44... Bd6 $19 45. a4 Ree2 46. b4 $2 (46. Rc6 {only move.} Ra2 47. Rcc1) 46... Rxg2 47. b5 (47. Rd3 $142 Ra2 48. Rc6) 47... Rgd2 $2 (47... Rg3 {( -> ...Rf3+)} 48. Ba7 Rxh3) 48. Rxd2 Rxd2 49. Rc6 Be5 $2 ({Black should try} 49... Rd1+ $19 50. Kg2 f3+ 51. Kf2 Be5) 50. Re6 $1 $15 Bd6 {[%emt 0:00:19] White must now prevent ...h5.} 51. Bf2 $1 {[%emt 0:01:13] Threatens to win with a5.} ({Wrong is} 51. a5 $2 Rd1+ 52. Kg2 f3+ 53. Kf2 Bc5+ 54. Kxf3 Rxg1 $19) 51... Rd5 {[%emt 0:00:39] Weighted Error Value: White=0.45/Black=0.54} 1/2-1/2

[Event "Italian-ch Teams-B 2022"]
[Site "Montesilvano"]
[Date "2022.04.22"]
[Round "5.3"]
[White "Quinn, Mark"]
[Black "Manca, Federico"]
[Result "1-0"]
[ECO "D34"]
[WhiteElo "2365"]
[BlackElo "2370"]
[Annotator "TA"]
[PlyCount "62"]
[EventDate "2022.04.19"]
[EventType "team-tourn"]
[EventCountry "ITA"]
[SourceTitle "playchess.com"]
[Source "ChessBase"]
[SourceQuality "1"]
[TimeControl "40/5400+30:1800+30"]

1. d4 d5 2. c4 e6 3. Nf3 c5 4. cxd5 exd5 5. g3 Nc6 6. Bg2 Nf6 7. O-O Be7 8. Nc3 O-O 9. dxc5 Bxc5 10. a3 a6 11. b4 {[%emt 0:14:37] D34: Tarrasch Defence: 6 g3 Nf6 7 Bg2 Be7.} Be7 12. Be3 {[%emt 0:09:58] [#]} Be6 $146 ({Predecessor:} 12... Re8 13. Na4 b5 14. Nb6 Rb8 15. Nxc8 Rxc8 16. Bh3 Bd6 17. Rc1 Rxe3 18. Bxc8 Qxc8 19. fxe3 {1-0 (38) Bragg,D (1992)-Chang,E (1629) Kirkland 2020}) 13. Na4 {[%emt 0:07:41] White is slightly better.} Ne4 14. Rc1 Bf6 15. Nd4 Nxd4 16. Bxd4 Re8 17. Nb6 Rb8 18. e3 Qe7 19. Bxf6 Nxf6 20. Qd4 (20. Nxd5 $6 Bxd5 21. Bxd5 Rbd8 $11) (20. Bxd5 Rbd8 21. e4 Nxe4 $1 22. Bxe4 Rxd1 23. Rfxd1 Bg4 $17) 20... Rbd8 21. Rfd1 h6 22. Rd2 Rd6 23. Rdc2 Rb8 24. a4 Qd8 {[%emt 0:00:16] [#]} 25. a5 {[%emt 0:02:25] &Bianco is much more active.} Bd7 $2 {[%emt 0:00:52] [#] This costs Black the game.} (25... Qf8 $16 {might work better.} 26. Bf3 Qd8) 26. e4 $1 $18 {[%emt 0:02:29] e5 is the strong threat.} (26. Nxd5 Nxd5 27. Bxd5 Be6 $14) 26... Rxb6 $2 (26... Rc6 27. e5 (27. Nxd5 Rxc2 28. Rxc2 Nxd5 $16) 27... Rxc2 28. Rxc2 Bf5) 27. axb6 {[%emt 0:00:50] White is clearly winning.} ({Not} 27. Qxb6 Qxb6 28. axb6 dxe4 $16) 27... dxe4 28. Rc7 Bc6 (28... Qe8 $142 29. Bxe4 Nxe4) 29. Qxd8+ ({Weaker is} 29. Qc4 Qe8 $16) 29... Rxd8 30. R1xc6 bxc6 31. b7 Ra8 {[%emt 0:02:37] Weighted Error Value: White=0.02 (flawless) /Black=0.32} 1-0

[Event "Italian-ch Teams-B 2022"]
[Site "Montesilvano"]
[Date "2022.04.22"]
[Round "5.3"]
[White "Bifulco, Michel"]
[Black "Loiacono, Leonardo"]
[Result "1/2-1/2"]
[ECO "C10"]
[WhiteElo "2274"]
[BlackElo "2284"]
[Annotator "TA"]
[PlyCount "84"]
[EventDate "2022.04.19"]
[EventType "team-tourn"]
[EventCountry "ITA"]
[SourceTitle "playchess.com"]
[Source "ChessBase"]
[SourceQuality "1"]
[TimeControl "40/5400+30:1800+30"]

1. e4 e6 2. d4 d5 3. Nc3 dxe4 4. Nxe4 Bd7 5. Nf3 Bc6 6. Bd3 Nd7 7. O-O Ngf6 8. Ned2 Be7 9. c4 O-O {[%emt 0:03:30] C10: French with 3 Nc3: Unusual Black 3rd moves and 3...dxe4.} 10. Qc2 Bxf3 11. Nxf3 c5 {[%emt 0:00:37] [#]} 12. Rd1 $146 ({Predecessor:} 12. Be3 Rc8 13. Rfd1 Qc7 14. Rac1 a6 15. Ng5 h6 16. Nf3 Ng4 17. Bd2 cxd4 18. h3 {0-1 (46) Dube,D (1992)-Cummins,P (1757) Ste Foy 2017}) 12... cxd4 13. Nxd4 a6 (13... Ne5 $11) 14. b3 Qc7 15. Bb2 Rfe8 16. Rac1 Bc5 {[%emt 0:06:37] [#] ...e5 is the strong threat.} 17. Be2 Ne5 (17... Qf4 18. a3 $16) 18. h3 {[%emt 0:00:00] Against Neg4} Ng6 (18... Rad8 $15) 19. a3 $11 Rad8 {[%emt 0:05:12] Strongly threatening ...Qf4.} (19... Qf4 20. b4 Bxd4 21. Rxd4 $16) 20. b4 Ba7 21. Nf3 Rxd1+ 22. Rxd1 ({Of course not} 22. Bxd1 $6 e5 $11) 22... e5 23. Ng5 e4 {[%emt 0:16:38] Hoping for ...Qf4.} 24. Bxf6 {[%emt 0:00:00] A strong pair of Bishops.} Bxf2+ $1 {[%emt 0:00:05][%mdl 64] Decoy} 25. Kxf2 Qf4+ {[%emt 0:00:10] [#]} 26. Kg1 (26. Nf3 $1 $14 {is more appropriate.} exf3 (26... Qxf6 27. Kg1) 27. Bxf3 gxf6 28. Qc3 (28. Kg1 Qe3+ 29. Kh1 Qxa3 $11)) 26... gxf6 27. Nf3 exf3 28. Bxf3 Qe3+ 29. Qf2 {[%emt 0:00:32] Black must now prevent Qxe3.} Qxa3 30. Bxb7 Qxb4 31. Bd5 Qc3 32. Rf1 Kg7 33. Kh1 (33. Qa7 $1 $15 Ne7 34. Qd7 Qe3+ 35. Kh2 Qe5+ 36. Kh1) 33... Qe5 (33... Re3 $17 34. c5 Ne7) 34. Qa7 Ne7 35. Qxa6 Nf5 {[%emt 0:00:39] ( -> ...Ng3+)} 36. Rd1 Ng3+ 37. Kg1 $1 Ne2+ 38. Kh1 Ng3+ 39. Kg1 $1 Qe3+ 40. Kh2 Qf4 {[%emt 0:00:04] aiming for ...Re3.} 41. Qa7 Ne2+ ({But not} 41... Nf1+ 42. Kg1 Qe3+ 43. Qxe3 Nxe3 44. Rd3 $14) 42. Kh1 Ng3+ {[%emt 0:00:04] Weighted Error Value: White=0.18 (very precise) /Black=0.19 (very precise)} 1/2-1/2

[Event "Italian-ch Teams-B 2022"]
[Site "Montesilvano"]
[Date "2022.04.22"]
[Round "5.3"]
[White "Podetti, Davide"]
[Black "D'Amore, Carlo"]
[Result "1-0"]
[ECO "C67"]
[WhiteElo "2223"]
[BlackElo "2406"]
[Annotator "TA"]
[PlyCount "69"]
[EventDate "2022.04.19"]
[EventType "team-tourn"]
[EventCountry "ITA"]
[SourceTitle "playchess.com"]
[Source "ChessBase"]
[SourceQuality "1"]
[TimeControl "40/5400+30:1800+30"]

1. e4 e5 2. Nf3 Nc6 3. Bb5 Nf6 4. O-O Nxe4 5. Re1 Nd6 6. Nxe5 Be7 7. Bf1 Nf5 {[%emt 0:00:31] C67: Ruy Lopez: Berlin Defence: 4 0-0 Nxe4.} 8. Nf3 O-O 9. d4 d5 {[%emt 0:00:25] White is slightly better.} 10. c3 Bd6 11. Bd3 Nh4 {[%emt 0:01:21] [#]} 12. Nxh4 $146 ({Predecessor:} 12. Ng5 Bf5 13. Bxf5 Nxf5 14. Qd3 Re8 15. Rxe8+ Qxe8 16. Nd2 g6 17. Nf1 f6 18. Nf3 {1-0 (92) Hovhannisyan,R (2599)-Kabanov,N (2489) Kazan 2015}) 12... Qxh4 13. g3 Qf6 (13... Qg4 $11) 14. Qh5 $16 {[%emt 0:01:14][%csl Gd3,LRd5,LRh7][%cal Rh5h7] [#]} h6 15. Qxd5 {[%emt 0:06:05] And now Qe4 would win.} Bd7 (15... Ne7 $16 {was called for.} 16. Qg2 (16. Qe4 Bf5 $16) 16... Bf5) 16. Be3 ({White should play} 16. Qe4 $18 g6 17. Be3 (17. Bxh6 $2 Rfe8 $19)) 16... Ne7 17. Qg2 ({Not} 17. Qxb7 $2 Bc6 18. Qa6 Qf3 $19) 17... Bc6 18. Be4 Bxe4 19. Qxe4 c6 20. Bf4 Nd5 21. Bxd6 Qxd6 22. Nd2 b5 23. Nf3 a5 24. Rac1 a4 25. c4 bxc4 26. Rxc4 a3 27. bxa3 Rxa3 28. Ne5 {[%emt 0:08:46] Inhibits Qg6.} Rxa2 29. Rxc6 Qd8 30. Ng4 $36 {[%emt 0:05:57][%cal Og4h6][%mdl 2048] Hoping for Nxh6+! Black is under strong pressure. &Bianco is more active.} Qg5 (30... Ra5 $16 {might work better.} 31. Rec1 h5) 31. Rc5 $18 Rd8 (31... Nf6 32. Rxg5 Nxe4 33. Nxh6+ Kh7 34. Rxe4 Kxh6) 32. Qf3 h5 {[%emt 0:05:53] [#]} (32... Qd2 $142 33. Re5 Ra5 34. Rexd5 Rxd5) 33. Ne3 $1 Qf6 34. Nf5 Nb4 35. Ne7+ {[%emt 0:00:20] Weighted Error Value: White=0.08 (flawless) /Black=0.64} 1-0

[Event "Italian-ch Teams-B 2022"]
[Site "Montesilvano"]
[Date "2022.04.22"]
[Round "5.4"]
[White "Schacher, Gerd"]
[Black "Luciani, Valerio"]
[Result "1-0"]
[ECO "A30"]
[WhiteElo "2246"]
[BlackElo "2151"]
[Annotator "TA"]
[PlyCount "75"]
[EventDate "2022.04.19"]
[EventType "team-tourn"]
[EventCountry "ITA"]
[SourceTitle "playchess.com"]
[Source "ChessBase"]
[SourceQuality "1"]
[TimeControl "40/5400+30:1800+30"]

1. c4 Nf6 2. Nf3 b6 3. g3 e6 4. Bg2 Bb7 5. O-O Be7 6. Re1 c5 7. Nc3 d5 {[%emt 0:02:53] Inhibits e4. A30: Symmetrical English: Double Fianchetto and Hedgehog.} 8. cxd5 exd5 9. d4 Nbd7 {[%emt 0:02:28] The position is equal.} 10. Nh4 {[%emt 0:29:44] [#]} cxd4 $146 ({Predecessor:} 10... O-O 11. dxc5 Nxc5 12. Nf5 Re8 13. Nxe7+ Rxe7 14. Nb5 Qd7 15. Nd4 Rae8 16. e3 Ba6 {0-1 (59) De Mello,A (1862)-Santos,R (1540) Curitiba 2017}) 11. Nb5 {[%emt 0:03:35] Hoping for Bf4.} O-O 12. Nf5 Nc5 13. Bf4 Ne8 14. Nbxd4 Bf6 15. Rc1 Ne6 16. Be3 Nd6 17. Qd2 Qd7 18. b3 (18. Nxd6 $14 Qxd6 19. h4) 18... Rfd8 ({Better is} 18... Nxf5 $11 19. Nxf5 d4) 19. Nxd6 $14 Qxd6 20. Red1 Rd7 21. Bf3 Re8 22. Nb5 Qb8 23. Bd4 Be7 24. Bg4 Bf8 25. e3 (25. Bb2 {is interesting.} d4 26. Nxd4 Bc5 27. Bxe6 Rxe6 28. Qc2) 25... Rdd8 26. Qb2 {[%emt 0:00:40] [#] Strongly threatening Be5.} f6 {[%emt 0:00:55] Inhibits Be5.} 27. b4 Kf7 28. a4 a6 29. Nc3 {[%emt 0:00:11] &Bianco is much more active.} (29. Bxb6 $6 axb5 30. Bxd8 Qxd8 $11) 29... Ba8 30. Ne2 Qd6 (30... Bd6 $16 31. b5 Nxd4 32. Nxd4 axb5) 31. b5 $18 a5 32. Nf4 Nxf4 (32... Nxd4 $16 33. Qxd4 Re4) 33. gxf4 Re7 34. Rd2 Rc7 35. Rdc2 {[%emt 0:00:29] Against Rc4} Rxc2 {[%emt 0:00:33] [#]} (35... Rc4 36. Rxc4 dxc4) 36. Qxc2 {[%emt 0:00:03] White is clearly winning.} ({Weaker is} 36. Rxc2 Re8 37. Qb3 Re7 $16) 36... g6 37. Qc7+ Be7 38. Qxb6 {[%emt 0:00:51] Weighted Error Value: White=0.07 (flawless) /Black=0.25 (precise)} ({Don't play} 38. Bxb6 f5 39. Bd1 Rd7 40. Qxd6 Bxd6 41. Bxa5 d4 42. Bb3+ Kf6 $18) 1-0

[Event "Italian-ch Teams-B 2022"]
[Site "Montesilvano"]
[Date "2022.04.22"]
[Round "5.4"]
[White "Brociner, Beniamino"]
[Black "Altini, Nicola"]
[Result "0-1"]
[ECO "A07"]
[WhiteElo "2155"]
[BlackElo "2403"]
[Annotator "TA"]
[PlyCount "124"]
[EventDate "2022.04.19"]
[EventType "team-tourn"]
[EventCountry "ITA"]
[SourceTitle "playchess.com"]
[Source "ChessBase"]
[SourceQuality "1"]
[TimeControl "40/5400+30:1800+30"]

1. Nf3 d5 2. g3 Bg4 3. Bg2 Nd7 4. c4 e6 5. Qa4 Bxf3 6. Bxf3 {[%emt 0:00:08] A07: Réti Opening: New York and Capablanca Systems.} c6 7. cxd5 exd5 8. Nc3 {[%emt 0:01:27] [#] The position is equal.} Nc5 $146 ({Predecessor:} 8... Ngf6 9. d3 Be7 10. Bf4 O-O 11. O-O Nc5 12. Qc2 Ne6 13. Bd2 Nd4 14. Qb1 Nxf3+ 15. exf3 {½-½ (15) Kornilov,P (2114)-Chuprikov,D (2419) Borisoglebsk 2009}) 9. Qd1 d4 10. Ne4 Nxe4 11. Bxe4 Nf6 12. Bg2 d3 (12... Qd7 $11) 13. e3 $14 Qd7 14. b3 g6 15. Bb2 Bg7 16. Rc1 O-O 17. Rc4 Rad8 18. Qa1 Nh5 19. O-O Rfe8 20. Rfc1 Bxb2 21. Qxb2 Ng7 22. Qc3 Ne6 23. b4 Qd6 24. a4 a6 25. Qb3 Re7 26. h4 Qe5 27. R1c3 (27. Rb1 $16) 27... Red7 (27... Nd4 $1 $11 28. Rxd4 Rxd4) 28. Bh3 Rd5 29. Bg2 (29. Qb1 $14) 29... R5d6 (29... R5d7 $11) 30. Qa3 Qf5 31. Rb3 h5 32. Qc1 Nc7 33. Qb1 Ne6 (33... Qe6 $14 34. Re4 Qf6) 34. Be4 $16 Qe5 35. Rxd3 (35. Bxd3 Rd5 $14) 35... Rxd3 36. Bxd3 a5 {[%emt 0:00:26] [#]} (36... Qd5 $16 {keeps fighting.} 37. Rc3 Kg7) 37. bxa5 (37. Re4 $1 $18 Qd5 38. Bc4 Qxd2 39. bxa5 (39. Bxe6 Qd1+ 40. Qxd1 Rxd1+ 41. Kg2 fxe6 $16)) 37... Qxa5 $14 38. Rc3 ({Of course not} 38. Bxg6 fxg6 39. Qxg6+ Ng7 $11) 38... Qxa4 39. Kg2 (39. Qxb7 {keeps more tension.} Qd1+ 40. Kg2 Qxd2 41. Qb3) 39... Rd7 40. Rb3 b5 41. Rb4 ({Better is} 41. Rb2 $1 $14) 41... Qa3 $11 42. Be4 (42. Rb3 $11 Qd6 43. Be4) 42... Rxd2 $19 43. Bxg6 $2 (43. Rb3 {is more resistant.} Qd6 44. Rd3 Rxd3 45. Bxd3) 43... fxg6 $2 (43... Qxe3 $1 $19 {and Black stays clearly on top.} 44. Qf5 fxg6 45. Qxg6+ Kf8 46. Qf6+ Ke8) 44. Qxg6+ $17 Ng7 45. Rf4 {[%emt 0:00:23] [#]} Qd6 (45... Rd6 $1 $17 46. Qf7+ Kh7) 46. Qf7+ (46. Rf6 $1 $15 Qe7 47. Rxc6) 46... Kh7 $19 {[%emt 0:00:12] Threatens to win with ...Qe6.} ({Avoid the trap} 46... Kh8 $2 47. Rf6 Qd5+ 48. Qxd5 cxd5 49. Rb6) 47. e4 $2 (47. Rf6 {only move.} Qd5+ 48. Qxd5 cxd5 49. Rc6) 47... Qg6 48. Qe7 Qe6 49. Qf8 Rd7 50. Qc5 Rb7 {[%emt 0:01:24] Hoping for ...b4.} 51. Qc2 Kg8 52. e5 Rf7 {[%emt 0:00:48] Inhibits Rf6.} 53. Rd4 Nf5 54. Rd8+ Rf8 55. Rd3 Ne7 56. f4 (56. Qe2 $142 Qc4 57. Kg1) 56... Ra8 {[%emt 0:00:19] aiming for ...Ra2.} 57. Rd2 Nd5 {[%emt 0:00:33] ( -> ...Ne3+)} 58. Qc5 {[%emt 0:00:15] Prevents Ne3+.} b4 59. f5 Qxf5 60. Qxc6 Ne3+ {[%emt 0:00:10] Black mates.} 61. Kh2 Rf8 62. Re2 Ng4+ {[%emt 0:00:08] Weighted Error Value: White=0.47/Black=0.31} 0-1

[Event "Italian-ch Teams-B 2022"]
[Site "Montesilvano"]
[Date "2022.04.22"]
[Round "5.4"]
[White "Pasini, Nicolo"]
[Black "Lapiccirella, Daniele"]
[Result "1/2-1/2"]
[ECO "B48"]
[WhiteElo "2150"]
[BlackElo "2180"]
[Annotator "TA"]
[PlyCount "47"]
[EventDate "2022.04.19"]
[EventType "team-tourn"]
[EventCountry "ITA"]
[SourceTitle "playchess.com"]
[Source "ChessBase"]
[SourceQuality "1"]
[TimeControl "40/5400+30:1800+30"]

1. e4 c5 2. Nc3 e6 3. Nge2 Nc6 4. d4 cxd4 5. Nxd4 Qc7 6. Be3 a6 7. g4 {[%emt 0:00:05] Nowadays more popular than 7.Qd2. B48: Sicilian: Taimanov: 5 Nc3 Qc7 6 Be3 a6 without Be2.} b5 8. Nxc6 Qxc6 9. Qd2 {[%emt 0:00:18] [#]} Bb4 $146 (9... b4 $142 10. Ne2 Qxe4) ({Predecessor:} 9... b4 10. Ne2 Qxe4 11. Rg1 Qc4 12. Ng3 Qc7 13. O-O-O Ne7 14. Nh5 Nd5 15. Bd4 Rg8 {½-½ (51) Esipenko,A (2714)-Shankland,S (2708) Wijk aan Zee 2022}) 10. O-O-O Ne7 (10... Bxc3 $5 11. bxc3 (11. Qxc3 Qxc3 12. bxc3 Bb7 $11) 11... Bb7 $14) 11. g5 ({White should play} 11. Bd4 $14) 11... d5 {[%emt 0:09:52] [#]} (11... Bxc3 $15 {keeps the upper hand.} 12. Qxc3 Qxc3 13. bxc3 Bb7) 12. Bd4 $1 $16 Rg8 (12... Bb7 $142) 13. Bg2 {[%emt 0:09:52] Strongly threatening exd5.} Bb7 14. Qd3 {[%emt 0:04:33] &Bianco is more active.} ({Better is} 14. a3 $16 Bd6 15. exd5) 14... Bxc3 (14... Qc4 $14) 15. Bxc3 {[%emt 0:00:10] aiming for exd5.} O-O-O 16. exd5 Nxd5 (16... Qc7 $16) 17. Ba5 $18 ({Don't take} 17. Qxh7 $6 Qc4 $14) 17... Rde8 {[%emt 0:01:02] [#]} 18. Qxh7 (18. Qg3 $1 $18) 18... Qc4 $16 19. b3 (19. a3 $16) 19... Qf4+ ({Don't play} 19... Qg4 20. Rhg1 Qf4+ 21. Kb1 $16) (19... Qc5 $11 20. Bd2 Qxf2) 20. Bd2 {[%emt 0:02:13] A strong pair of Bishops.} (20. Kb1 $16) 20... Qxf2 $14 21. Qe4 f5 22. Qf3 {[%emt 0:02:50] The position is equal.} Qxf3 23. Bxf3 e5 24. Bg2 {[%emt 0:06:05] Weighted Error Value: White=0.37/Black=0.37} (24. Rhf1 $5 ) 1/2-1/2